 Dungeon Crawl Stone Soup version 0.21.1-1-g345015f (webtiles) character file.

219 LairdRich the Chopper (level 5, -2/47 HPs)
             Began as a Minotaur Berserker on June 13, 2018.
             Was a Priest of Trog.
             Slain by Menkaure (4 damage)
             ... on level 4 of the Dungeon.
             The game lasted 00:11:54 (3359 turns).

LairdRich the Chopper (Minotaur Berserker)          Turns: 3359, Time: 00:11:55

Health: -2/47      AC:  9    Str: 21    XL:     5   Next: 63%
Magic:  4/4        EV: 11    Int:  4    God:    Trog [***...]
Gold:   129        SH:  0    Dex: 11    Spells: 4/4 levels left

rFire    . . .     SeeInvis .   a - +1 hand axe
rCold    . . .     Gourm    .   (no shield)
rNeg     . . .     Faith    .   w - +0 scale mail
rPois    .         Spirit   .   (helmet restricted)
rElec    .         Reflect  .   (no cloak)
rCorr    .         Harm     .   (no gloves)
MR       .....                  f - +1 pair of boots
Stlth    +.........             (no amulet)
HPRegen  0.15/turn              j - ring of stealth
MPRegen  0.09/turn              (no ring)

@: lethally poisoned (-2 -> -4), berserk cooldown, slowed, very slow
A: retaliatory headbutt, horns 2
a: Berserk, Trog's Hand, Burn Spellbooks, Renounce Religion


You were on level 4 of the Dungeon.
You worshipped Trog.
Trog was most pleased with you.
You were hungry.

You visited 1 branch of the dungeon, and saw 4 of its levels.

You collected 129 gold pieces.

Inventory:

Hand Weapons
 a - a +1 hand axe (weapon)
Armour
 f - a +1 pair of boots (worn)
 w - a +0 scale mail (worn)
Jewellery
 j - a ring of stealth (left hand)
Scrolls
 d - a scroll of remove curse
 g - a scroll of enchant weapon
 i - a scroll of random uselessness
 k - 2 scrolls of enchant armour
Potions
 b - a potion of haste {unknown}
 e - a potion of berserk rage {unknown}
 l - 2 potions of curing {unknown}
 m - a potion of might {unknown}
 n - a potion of agility
 p - a potion of brilliance {unknown}
 r - 3 potions of flight
 s - a potion of heal wounds {unknown}
 v - a potion of degeneration {unknown}
Comestibles
 c - 3 rations


   Skills:
 + Level 4.8 Fighting
 * Level 5.4 Axes
 + Level 3.9 Armour
 + Level 3.5 Dodging


You had 4 spell levels left.
You didn't know any spells.

Dungeon Overview and Level Annotations

Branches:
Dungeon (4/15)
 Temple: D:4-7

Altars:
Hepliaklqana

Annotations:
D:4 Menkaure


Innate Abilities, Weirdness & Mutations

You reflexively headbutt those who attack you in melee.
You have a pair of horns on your head.


Message History

You hit the worker ant. Menkaure closely misses you. The worker ant bites you.
* * * LOW HITPOINT WARNING * * *
You are poisoned.
The worker ant poisons you! Menkaure barely misses you.
The worker ant bites you but does no damage.
You hit Menkaure.
Menkaure is lightly damaged.
You hit the worker ant but do no damage.
You feel sick. Menkaure closely misses you.
The worker ant bites you but does no damage.
Menkaure casts a spell at you. Pain shoots through your body!
* * * LOW HITPOINT WARNING * * *
The worker ant bites you but does no damage.
You slash Menkaure!
Menkaure is moderately damaged.
You hit the worker ant but do no damage.
* * * LOW HITPOINT WARNING * * *
You feel sick. Menkaure hits you.
You die...

.# #.# .. .... ... ..
#.#.# #.# #.
.......... # ##
.#.#>#.#. .# #.
.....oo ..# #. #.#S#a#
#..# #. #.##M@##..<+
#. #..........# #.
###........# ##
#........####### #
####.)##.........# #
#.....##........# #
##....#.........###+##
#....'.............##
##...##..............


You could see Menkaure, a worker ant, an adder and 2 orcs.

Vanquished Creatures
  An orc priest (D:3)
  Ijyb (D:4)
  Natasha (twice) (D:3)
  2 adders (D:2)
  An ooze (D:3)
  An adder skeleton (D:4)
  A dart slug (D:1)
  4 leopard geckos
  5 orcs
  A ball python (D:3)
  2 giant cockroaches
  7 goblins
  9 hobgoblins
  7 jackals
  12 kobolds
  2 quokkas
  5 bats
  5 frilled lizards
  13 rats
81 creatures vanquished.

Vanquished Creatures (others)
  A minotaur (D:1)
  A draconian (D:1)
  2 octopodes (D:1)
  An elf (D:1)
  A formicid (D:1)
  A human (D:1)
  A naga (D:1)
  A centaur (D:1)
  A mummy (D:1)
  An orc (D:1)
  A kobold (D:1)
  7 tentacles (D:1)
19 creatures vanquished.

Grand Total: 100 creatures vanquished

Notes
Turn   | Place    | Note
-------+----------+-------------------------------------------
     0 | D:1      | LairdRich the Minotaur Berserker began the quest for the Orb.
     0 | D:1      | Reached XP level 1. HP: 19/19 MP: 0/0
     0 | D:1      | Noticed a naga
     0 | D:1      | Noticed an octopode
     0 | D:1      | Noticed a human
     0 | D:1      | Noticed an elf
     0 | D:1      | Noticed a formicid
     0 | D:1      | Noticed a kraken
     0 | D:1      | Noticed a minotaur
     0 | D:1      | Noticed a draconian
     0 | D:1      | Noticed an octopode
     0 | D:1      | Noticed a centaur
     3 | D:1      | Killed a centaur
     4 | D:1      | Killed an elf
     5 | D:1      | Killed an octopode
     8 | D:1      | Killed a human
     9 | D:1      | Killed a minotaur
    10 | D:1      | Killed an octopode
    12 | D:1      | Killed a naga
    13 | D:1      | Killed a formicid
    15 | D:1      | Killed a draconian
   234 | D:1      | Reached XP level 2. HP: 20/27 MP: 1/1
   409 | D:1      | Reached skill level 4 in Axes
   572 | D:1      | Reached XP level 3. HP: 33/33 MP: 2/2
   856 | D:1      | Reached ** piety under Trog
  1139 | D:2      | Found a hazy altar of Hepliaklqana.
  1319 | D:2      | Reached XP level 4. HP: 38/40 MP: 3/3
  2705 | D:3      | Noticed Natasha
  2708 | D:3      | Killed Natasha
  2708 | D:3      | Reached *** piety under Trog
  2708 | D:3      | Reached skill level 5 in Axes
  2708 | D:3      | Reached XP level 5. HP: 40/47 MP: 4/4
  2760 | D:3      | Noticed Natasha
  3120 | D:3      | Killed Natasha
  3337 | D:4      | Noticed Ijyb
  3342 | D:4      | Paralysed by Ijyb for 3 turns
  3347 | D:4      | Killed Ijyb
  3350 | D:4      | Noticed Menkaure
  3359 | D:4      | HP: 2/47 [poisoned by a worker ant]
  3359 | D:4      | Slain by Menkaure

Skill      XL: |  1  2  3  4 |
---------------+-------------+-----
Axes           | 4 5 |  5.4
Fighting       | 4 |  4.8
Armour         | 3 |  3.9
Dodging        | 3 |  3.5

Action                   |  1- 3 |  4- 6 || total
-------------------------+-------+-------++-------
Melee: Hand axe          |    70 |    81 ||   151
       Headbutt          |     3 |    14 ||    17
Invok: Berserk           |       |     2 ||     2
  Use: Scroll            |       |     8 ||     8
 Stab: Sleeping          |     7 |     2 ||     9
  Eat: Chunk             |     1 |     8 ||     9
Armor: Animal skin       |     8 |    13 ||    21
       Scale mail        |       |    17 ||    17
Dodge: Dodged            |    45 |    70 ||   115
